 Dungeon Crawl Stone Soup version 0.30-a0-359-gd0147acb1a (webtiles) character file.

Game seed: 9832102843569911842

84 lunokhod the Shield-Bearer (level 4, -16/37 HPs)
             Began as a Formicid Fighter on Nov 12, 2022.
             Demolished by an ogre
             ... wielding a +0 giant club
              (19 damage)
             ... on level 2 of the Dungeon.
             The game lasted 00:03:18 (1255 turns).

lunokhod the Shield-Bearer (Formicid Fighter)       Turns: 1255, Time: 00:03:19

Health: -16/37     AC: 12    Str: 22    XL:     4   Next: 72%
Magic:  4/4        EV:  6    Int:  8    God:
Gold:   64         SH:  9    Dex: 13    Spells: 3/3 levels left

rFire   . . .      SeeInvis +    a - +0 war axe
rCold   . . .      Faith    .    p - +0 kite shield
rNeg    . . .      Spirit   .    n - +0 chain mail
rPois   .          Reflect  .    (helmet unavailable)
rElec   .          Harm     .    (no cloak)
rCorr   .          Rampage  .    (no gloves)
Will    .....                    r - +2 pair of boots
Stlth   ..........               (no amulet)
HPRegen 0.26/turn                (no ring)
MPRegen 0.09/turn                (no ring)

@: no status effects
A: permanent stasis, dig shafts and tunnels, antennae 3, four strong arms
a: Dig, Shaft Self


You were on level 2 of the Dungeon.
You visited 1 branch of the dungeon, and saw 2 of its levels.

You collected 127 gold pieces.
You spent 63 gold pieces at shops.

Inventory:

Hand Weapons
 a - a +0 war axe (weapon)
 k - a +1 dagger of venom
Armour
 b - a +0 scale mail
 c - a +0 buckler
 n - a +0 chain mail (worn)
 p - a +0 kite shield (worn)
 r - a +2 pair of boots (worn)
Scrolls
 e - a scroll of silence {unknown}
 f - 4 scrolls of identify {unknown}
 j - a scroll of enchant weapon {unknown}
 l - a scroll of vulnerability {unknown}
 m - a scroll of immolation {unknown}
 o - a scroll of poison {unknown}
Potions
 d - a potion of might
 g - a potion of berserk rage {unknown}
 h - a potion of curing {unknown}
 i - 2 potions of heal wounds {unknown}
 q - a potion of attraction {unknown}


   Skills:
 + Level 3.9 Fighting
 + Level 3.3 Axes
 + Level 3.6 Armour
 + Level 0.3 Dodging
 + Level 4.7 Shields


You had 3 spell levels left.
You didn't know any spells.
Your spell library contained the following spells:

 Spells                   Type           Power      Damage    Failure   Level
 Static Discharge         Conj/Air       0%         2-2/arc   100%        2
 Vhi's Electric Charge    Tloc/Air       0%         N/A       100%        3
 Arcjolt                  Conj/Air       0%         1d10      100%        5
 Lightning Bolt           Conj/Air       0%         1d11      100%        5


Dungeon Overview and Level Annotations

Branches:
Dungeon (2/15)

Altars:

Shops:
D:1 [


Innate Abilities, Weirdness & Mutations

You cannot be hasted, slowed, berserked, paralysed or teleported.
You can dig through walls and to a lower floor.
You have a pair of large antennae on your head. (SInv)
Your four strong arms can wield two-handed weapons with a shield.


Message History

You block the ball python's attack.
The ball python bites you but does no damage.
The ball python constricts you.
You slash the ball python!
You kill the ball python!
You hit the ball python.
You kill the ball python!
Unknown command.
No target in view!
Unknown command.
No target in view!
You see here a ball python corpse.
You see here a ball python corpse.
You now have 64 gold pieces (gained 7).
You sense a monster nearby.
An ogre comes into view. It is wielding a +0 giant club.
The ogre shouts!
Your +1 dagger of venom begins to drip with poison!
k - a +1 dagger of venom (weapon)
You hit the ogre.
The ogre is poisoned.
The ogre is lightly wounded.
The ogre hits you with a +0 giant club. The ogre attacks as you move away!
You block the ogre's attack.
You see here a +0 mace.
The ogre looks more healthy.
Your +1 dagger of venom stops dripping with poison.
a - a +0 war axe (weapon)
You hit the ogre but do no damage.
The ogre is heavily wounded.
The ogre hits you with a +0 giant club!!
Ouch! That really hurt!
You barely miss the ogre.
The ogre is heavily wounded.
The ogre hits you with a +0 giant club!
* * * LOW HITPOINT WARNING * * *
You slash the ogre!
The ogre is almost dead.
The ogre hits you with a +0 giant club!!
Ouch! That really hurt!
You die...

#.#.###....##
#.##......## [#
#.###.#.>.# .# #.#
#.#...#####[ #.#
#.....<..... #.#
##.#..####.# #.#
##...# #.#
#.#####...####.#####
#.....#......@.....#
#.#...####O###.######.
#.#...# #............
#.###.####....†.......
#.......)...##†######.
#####.#####.##........
#......<#########.
#####.........
##########


You could see an ogre.

Vanquished Creatures
  Robin (D:1)
  An adder (D:2)
  2 worms (D:2)
  4 dart slugs (D:1)
  4 ball pythons
  4 endoplasms
  12 goblins
  5 hobgoblins
  4 kobolds
  A quokka (D:1)
  3 bats (D:1)
  6 frilled lizards
47 creatures vanquished.

Notes
Turn   | Place    | Note
-------+----------+-------------------------------------------
     0 | D:1      | lunokhod the Formicid Fighter began the quest for the Orb.
     0 | D:1      | Reached XP level 1. HP: 18/18 MP: 1/1
    34 | D:1      | Found a faded altar of an unknown god.
   247 | D:1      | Reached XP level 2. HP: 23/24 MP: 2/2
   403 | D:1      | Reached XP level 3. HP: 23/30 MP: 3/3
   468 | D:1      | Found Cowniq's Armour Shoppe.
   720 | D:1      | Bought a +0 kite shield for 63 gold pieces
   931 | D:2      | Noticed Robin
   950 | D:1      | Reached XP level 4. HP: 37/37 MP: 4/4
   961 | D:1      | Killed Robin
  1234 | D:2      | Noticed an ogre
  1255 | D:2      | Demolished by an ogre

Illustrated notes

Levels and vault maps discovered:
D:1:      spicycebolla_arrival_risky_transporter, layout_basic,
          basic_ecumenical_altar, serial_shops, shop, minmay_cupped
D:2:      layout_loops_ring, uniq_terence, uniq_robin

Skill      XL: |  1  2  3 |
---------------+----------+-----
Axes           | 3 |  3.3
Fighting       | |  3.9
Armour         | |  3.6
Dodging        | |  0.3
Shields        | |  4.7

Action                   |  1- 3 |  4- 6 || total
-------------------------+-------+-------++-------
Melee: War axe           |    81 |    39 ||   120
       Dagger            |       |     1 ||     1
Armor: Scale mail        |    14 |       ||    14
       Chain mail        |    36 |    30 ||    66
Dodge: Dodged            |    28 |    11 ||    39
Block: Buckler           |    13 |       ||    13
       Kite shield       |    13 |    27 ||    40

Table legend: (Time is in decaauts)
 A = Elapsed time spent in this place.
 B = Non-inter-level travel time spent in this place.
 C = Inter-level travel time spent in this place.
 D = Time resting spent in this place.
 E = Time spent auto-exploring this place.
 F = Levels seen in this place.
 G = Mean time per level.
                   A        B        C        D        E       F      G
               +--------+--------+--------+--------+--------+-----+--------+
         Total |   1308 |   1275 |     33 |     41 |    863 |   2 |  654.0 |
       Dungeon |   1308 |   1275 |     33 |     41 |    863 |   2 |  654.0 |
               +--------+--------+--------+--------+--------+-----+--------+

Top non-repeatable levels by time:
     D:1: 834 daAuts
     D:2: 473 daAuts
